 Dungeon Crawl Stone Soup version 0.30-a0-860-g512cf1e979 (webtiles) character file.

Game seed: 12703635934073020413

51 qeuew the Conjurer (level 3, -8/21 HPs)
             Began as an Octopode Conjurer on Mar 7, 2023.
             Mangled by Crazy Yiuf
             ... wielding a +3 quarterstaff of chaos
              (13 damage)
             ... on level 2 of the Dungeon.
             The game lasted 00:01:20 (1762 turns).

qeuew the Conjurer (Octopode Conjurer)              Turns: 1762, Time: 00:01:20

Health: -8/21      AC:  1    Str:  6    XL:     3   Next: 81%
Magic:  0/6        EV: 13    Int: 28    God:
Gold:   113        SH:  0    Dex: 10    Spells: 5/6 levels left

rFire   . . .      SeeInvis .    b - +0 dagger
rCold   . . .      Faith    .    (no shield)
rNeg    . . .      Spirit   .    (helmet restricted)
rPois   .          Reflect  .    (no amulet)
rElec   .          Rampage  .    e - ring of resist corrosion
rCorr   +                        f - +6 ring of intelligence
Will    .....                    (no ring)
Stlth   +++                      (no ring)
HPRegen 0.23/turn                (no ring)
MPRegen 0.10/turn                (no ring)
                                 (no ring)
                                 (no ring)

@: slowed, very slow
A: almost no armour, amphibious, 8 rings, camouflage 1, gelatinous body 1,
(nimble swimmer 1), tentacles
a: no special abilities


You were on level 2 of the Dungeon.
You visited 1 branch of the dungeon, and saw 2 of its levels.

You collected 113 gold pieces.

Inventory:

Hand Weapons
 b - a +0 dagger (weapon)
Missiles
 c - 3 throwing nets
Jewellery
 e - a ring of resist corrosion (left tentacle)
 f - a +6 ring of intelligence (right tentacle)
Scrolls
 d - a scroll of torment {unknown}
 g - a scroll of poison
 i - a scroll of fear
 j - a scroll of teleportation {unknown}
 k - a scroll of blinking {unknown}
Potions
 a - a potion of magic
 h - a potion of ambrosia {unknown}
 l - 2 potions of cancellation {unknown}
 m - a potion of curing {unknown}


   Skills:
 + Level 0.2 Short Blades
 * Level 2.8 Dodging
 + Level 3.2 Stealth
 + Level 2.3 Spellcasting
 * Level 4.4 Conjurations


You had 5 spell levels left.
You knew the following spells:

 Your Spells              Type           Power      Damage    Failure   Level
a - Magic Dart            Conj           100%       1d8       1%          1

Your spell library contained the following spells:

 Spells                   Type           Power      Damage    Failure   Level
 Searing Ray              Conj           56%        2d6       2%          2
 Dazzling Flash           Conj/Hex       30%        N/A       11%         3
 Fulminant Prism          Conj/Hex       7%         3d6       34%         4
 Iskenderun's Mystic Bla  Conj/Tloc      15%        2d5       34%         4


Dungeon Overview and Level Annotations

Branches:
Dungeon (2/15)

Altars:

Annotations:
D:2 Crazy Yiuf


Innate Abilities, Weirdness & Mutations

You cannot wear most types of armour.
You are amphibious.
You can wear up to eight rings at the same time.
Your skin changes colour to match your surroundings (Stealth+).
Your rubbery body absorbs attacks. (AC +1, EV +1)
((You are camouflaged when in or above water. (Stealth+)))
You have tentacles for arms and can constrict up to eight enemies at once.


Message History

You can't see any susceptible monsters within range! (Use Z to cast anyway.) Could not explore, unopened runed door.
You can't see any susceptible monsters within range! (Use Z to cast anyway.) Could not explore, unopened runed door.
You open the door.
Crazy Yiuf shouts!
Crazy Yiuf screams, "Liver ladder song!"
The magic dart hits Crazy Yiuf but does no damage.
The magic dart hits Crazy Yiuf.
Crazy Yiuf is lightly wounded.
The magic dart hits Crazy Yiuf.
Crazy Yiuf is moderately wounded.
Crazy Yiuf barely misses you.
The magic dart hits Crazy Yiuf.
Crazy Yiuf is moderately wounded.
Crazy Yiuf hits you with a +3 quarterstaff of chaos!
Ouch! That really hurt!
You feel yourself slow down.
You are too injured to fight recklessly!
You are too injured to fight recklessly!
You are too injured to fight recklessly!
You are too injured to fight recklessly!
You are too injured to fight recklessly!
Aiming: Magic Dart (safe; 1% risk of failure)
Press: ? - help, Q - select action, (/) - cycle Shift-Dir - straight line, f/p - Crazy Yiuf
Aim: Crazy Yiuf, wielding a +3 quarterstaff of chaos and wearing a +0 cloak (moderately wounded, 100% to hit)
The magic dart hits Crazy Yiuf but does no damage.
Crazy Yiuf is moderately wounded.
Crazy Yiuf barely misses you.
Aiming: Magic Dart (safe; 1% risk of failure)
Press: ? - help, Q - select action, (/) - cycle Shift-Dir - straight line, f/p - Crazy Yiuf
Aim: Crazy Yiuf, wielding a +3 quarterstaff of chaos and wearing a +0 cloak (moderately wounded, 100% to hit)
The magic dart hits Crazy Yiuf.
Crazy Yiuf is moderately wounded.
Crazy Yiuf hits you with a +3 quarterstaff of chaos.
* * * LOW HITPOINT WARNING * * *
You feel as though you will be slow longer.
Crazy Yiuf hits you with a +3 quarterstaff of chaos!
Ouch! That really hurt!
You die...

### ##.#..#######
#..........#
##.###.......#
#....#.....# ####.##
##.####.#
#.#.#......#### ....##
### ###
#########......
..##.## ####.#####
#...#.####♣♣♣♣♣ #...##
# )......#....♣.♣♣♣
### #.### #
.#..#.#......♣..♣#...#
#.# #
##..........♣♣♣♣@g...#
#.# # .##........♣♣
♣♣#..)# #.# ######
.......###♣♣ ### #.#
#..... ...#####
#.###.#### .###
#......... .# ######
##.###.###) .#
#.##.###...##....# .#
###.##.##.....#...##
.#
#>..##.............#


You could see Crazy Yiuf.

Vanquished Creatures
  2 dart slugs (D:1)
  6 ball pythons
  6 bats
  2 endoplasms (D:1)
  3 hobgoblins (D:1)
  6 jackals (D:1)
  A quokka (D:2)
  4 frilled lizards
  5 goblins (D:1)
  6 kobolds
  4 rats
45 creatures vanquished.

Notes
Turn   | Place    | Note
-------+----------+-------------------------------------------
     0 | D:1      | qeuew the Octopode Conjurer began the quest for the Orb.
     0 | D:1      | Reached XP level 1. HP: 11/11 MP: 3/3
   140 | D:1      | Reached XP level 2. HP: 8/17 MP: 1/5
   413 | D:1      | Found a faded altar of an unknown god.
   482 | D:1      | Reached XP level 3. HP: 21/21 MP: 1/6
  1583 | D:2      | Found a runed translucent door.
  1584 | D:2      | Noticed Crazy Yiuf
  1762 | D:2      | Mangled by Crazy Yiuf

Illustrated notes

Levels and vault maps discovered:
D:1:      dpeg_arrival_rooms_b, layout_rooms,
          chequers_ecumenical_altar_simple_redux, corner_web_ring, st_stairs_9,
          minmay_split_cup_large
D:2:      layout_loops_ring, minmay_pentomino_r2, uniq_crazy_yiuf_cottage

Skill      XL: |  1  2 |
---------------+-------+-----
Stealth        | 3 |  3.2
Short Blades   | |  0.2
Dodging        | |  2.8
Spellcasting   | |  2.3
Conjurations   | |  4.4

Action                     || total
---------------------------++-------
  Melee: Unarmed           ||    42
         Constrict         ||    10
         Tentacles         ||     7
   Cast: Magic Dart        ||    70
    Use: Scroll            ||     2
 Armour: Skin              ||     9
  Dodge: Dodged            ||    41

Table legend: (Time is in decaauts)
 A = Elapsed time spent in this place.
 B = Non-inter-level travel time spent in this place.
 C = Inter-level travel time spent in this place.
 D = Time resting spent in this place.
 E = Time spent auto-exploring this place.
 F = Levels seen in this place.
 G = Mean time per level.
                   A        B        C        D        E       F      G
               +--------+--------+--------+--------+--------+-----+--------+
         Total |   1760 |   1744 |     16 |      0 |   1543 |   2 |  880.0 |
       Dungeon |   1760 |   1744 |     16 |      0 |   1543 |   2 |  880.0 |
               +--------+--------+--------+--------+--------+-----+--------+

Top non-repeatable levels by time:
     D:1: 1081 daAuts
     D:2: 679 daAuts
